 Dungeon Crawl Stone Soup version 0.28-a0-973-ga7f8b01127 (webtiles) character file.

Game seed: 3700226147859514903

823 Strat the Slicer (level 7, -11/50 HPs)
             Began as a Merfolk Brigand on Dec 2, 2021.
             Was an Initiate of Dithmenos.
             Mangled by a shadow (24 damage)
             ... on level 5 of the Dungeon.
             The game lasted 00:09:31 (5437 turns).

Strat the Slicer (Merfolk Brigand)                  Turns: 5437, Time: 00:09:31

Health: -11/50     AC:  7    Str: 20    XL:     7   Next: 96%
Magic:  7/7        EV: 14    Int: 10    God:    Dithmenos [......]
Gold:   248        SH:  0    Dex: 15    Spells: 6/6 levels left

rFire   . . .      SeeInvis .   a - +4 dagger (freeze)
rCold   . . .      Faith    .   (no shield)
rNeg    . . .      Spirit   .   l - +0 ring mail
rPois   .          Reflect  .   o - +0 helmet
rElec   .          Harm     .   c - +0 cloak
rCorr   .          Rampage  .   (no gloves)
Will    .....                   (no boots)
Stlth   ++........              (no amulet)
HPRegen 0.16/turn               v - +6 ring of strength
MPRegen 0.10/turn               (no ring)

@: no status effects
A: (nimble swimmer 2), mertail
a: Renounce Religion


You were on level 5 of the Dungeon.
You worshipped Dithmenos.
Dithmenos was noncommittal.
You visited 2 branches of the dungeon, and saw 6 of its levels.

You collected 248 gold pieces.

Inventory:

Hand Weapons
 a - a +4 dagger of freezing (weapon)
 n - a +2 dagger of flaming
Missiles
 d - 38 poisoned darts (quivered)
 e - 2 curare-tipped darts
 g - 100 stones
 r - 9 boomerangs
 y - 5 javelins
Armour
 b - a +0 robe
 c - a +0 cloak (worn)
 i - a +0 leather armour
 l - a +0 ring mail (worn)
 o - a +0 helmet (worn)
Jewellery
 v - a +6 ring of strength (left hand)
Wands
 s - a wand of iceblast (4)
Potions
 f - 2 potions of attraction {unknown}
 h - 2 potions of heal wounds
 j - 3 potions of lignification {unknown}
 k - 2 potions of curing {unknown}
 m - a potion of berserk rage {unknown}
 p - a potion of flight {unknown}
 q - a potion of haste {unknown}
 t - a potion of brilliance {unknown}
 x - a potion of degeneration {unknown}
 z - a potion of might {unknown}


   Skills:
 - Level 2.1 Fighting
 + Level 8.6 Short Blades
 - Level 2.0 Throwing
 + Level 6.8 Dodging
 - Level 4.3 Stealth


You had 6 spell levels left.
You didn't know any spells.
Your spell library contained the following spells:

 Spells                   Type           Power      Damage    Failure   Level
 Slow                     Hex            0%         N/A       54%         1
 Confusing Touch          Hex            0%         N/A       89%         3
 Vampiric Draining        Necr           0%         2d6       89%         3


Dungeon Overview and Level Annotations

Branches:
Dungeon (5/15)             Temple (1/1) D:4

Altars:
Cheibriados
Dithmenos
Elyvilon
Fedhas
Gozag
Kikubaaqudgha
Nemelex Xobeh
Qazlal
Ru
Sif Muna
Trog
Uskayaw
Vehumet
Wu Jian
Xom
Yredelemnul


Innate Abilities, Weirdness & Mutations

((You are quick and stealthy near water. (Stealth+, EV+, Speed+++)))
Your lower body shifts to a powerful aquatic tail in water.


Message History

Found 2 javelins.
A scorpion comes into view.
As you read the scroll labelled JAYPTA LAFARPHU, it crumbles to dust.
You feel strangely unstable.
It was a scroll of teleportation.
Your surroundings suddenly seem different.
A water moccasin is nearby!
Found a stone staircase leading down.
An iguana comes into view.
Found a ring mail.
Found a stone staircase leading down.
A shadow comes into view.
The iguana hisses angrily.
The shadow slips into darkness.
The shadow flickers and vanishes!
Deactivating autopickup; reactivate with Ctrl-A.
The shadow strikes at you from the darkness!
Ouch! That really hurt!
* * * LOW HITPOINT WARNING * * *
Reactivating autopickup.
The shadow slips into darkness.
The shadow flickers and vanishes!
Deactivating autopickup; reactivate with Ctrl-A.
As you read the scroll of fear, it crumbles to dust.
You assume a fearsome visage.
The iguana looks frightened!
The shadow strikes at you from the darkness!
* * * LOW HITPOINT WARNING * * *
Reactivating autopickup.
Found 9 gold pieces.
The shadow slips into darkness.
The shadow flickers and vanishes!
Deactivating autopickup; reactivate with Ctrl-A.
Found a scroll labelled VIUSEO VUYB.
Found a radiant altar of Vehumet.
The shadow strikes at you from the darkness!
Reactivating autopickup.
The shadow slips into darkness.
The shadow flickers and vanishes!
Deactivating autopickup; reactivate with Ctrl-A.
You see here a scroll labelled VIUSEO VUYB.
The shadow strikes at you from the darkness!
You die...

######### ##.....@.#
##.?#####..# ...
##...........# ....
##............#
....###.....#.#.#...#
... #................
.# #..#..#...#...#..#
# #..#....#...#....#
#####..#..#..._..


There were no monsters in sight!

Vanquished Creatures
  Sigmund (D:4)
  A necrophage (D:3)
  2 scorpions
  A jelly (D:3)
  3 orc priests
  2 orc wizards (D:2)
  Ijyb (D:3)
  An iguana (D:4)
  A hound skeleton (D:4)
  Robin (D:2)
  10 adders
  2 ufetubi (D:4)
  An adder skeleton (D:4)
  2 worms (D:3)
  3 dart slugs
  11 orcs
  2 bats
  7 endoplasms
  4 giant cockroaches
  16 hobgoblins
  2 jackals (D:2)
  A quokka (D:1)
  8 ball pythons
  10 frilled lizards
  12 goblins
  5 kobolds
  8 rats
118 creatures vanquished.

Vanquished Creatures (others)
  6 plants (D:3)
6 creatures vanquished.

Grand Total: 124 creatures vanquished

Notes
Turn   | Place    | Note
-------+----------+-------------------------------------------
     0 | D:1      | Strat the Merfolk Brigand began the quest for the Orb.
     0 | D:1      | Reached XP level 1. HP: 16/16 MP: 1/1
   200 | D:1      | Reached skill level 3 in Short Blades
   200 | D:1      | Reached XP level 2. HP: 20/22 MP: 2/2
   703 | D:1      | Reached skill level 4 in Short Blades
   959 | D:1      | Reached XP level 3. HP: 27/27 MP: 3/3
  1251 | D:2      | Noticed Robin
  1290 | D:2      | Killed Robin
  1291 | D:2      | Reached skill level 5 in Short Blades
  1303 | D:2      | Reached XP level 4. HP: 7/33 MP: 4/4
  1901 | D:2      | Reached skill level 6 in Short Blades
  1908 | D:2      | Reached XP level 5. HP: 38/38 MP: 5/5
  2289 | D:2      | Reached XP level 6. HP: 44/44 MP: 6/6
  2771 | D:3      | Noticed Ijyb
  2787 | D:3      | Killed Ijyb
  2840 | D:3      | Reached skill level 7 in Short Blades
  3270 | D:3      | Found a faded altar of an unknown god.
  3270 | D:3      | Noticed a rust devil
  3692 | D:4      | Noticed a necrophage
  3711 | D:3      | Killed a necrophage
  3839 | D:4      | Found a staircase to the Ecumenical Temple.
  3904 | D:4      | Reached XP level 7. HP: 50/50 MP: 7/7
  3934 | D:4      | Found a snail-covered altar of Cheibriados.
  3948 | D:4      | Reached skill level 5 in Dodging
  3954 | Temple   | Entered the Ecumenical Temple
  4309 | Temple   | Became a worshipper of Dithmenos the Shadowed
  4398 | D:4      | Noticed Sigmund
  4408 | D:4      | Killed Sigmund
  4409 | D:4      | Reached skill level 8 in Short Blades
  5183 | D:4      | Found a blossoming altar of Fedhas.
  5298 | D:5      | Entered Level 5 of the Dungeon
  5412 | D:5      | Noticed a shadow
  5428 | D:5      | Found a radiant altar of Vehumet.
  5437 | D:5      | Mangled by a shadow

Illustrated notes

Levels and vault maps discovered:
D:1:      scummos_arrival_hexagon, layout_loops_ring, minivault_4, st_stairs_6
D:2:      cheibrodos_pilgrimage, layout_loops_ring, minmay_misc_feat_alley,
          minmay_pentomino_pile, uniq_robin
D:3:      layout_basic, dreamdust_ecumenical_altar_sealed_demon,
          minmay_lizard_king, uniq_ijyb
D:4:      layout_loops_corners, lemuel_round_altar,
          mainiacjoe_overflow_brackets, temple_pool_b, uniq_sigmund
D:5:      nicolae_BIG_FREAKIN_CUBE, layout_rooms, nicolae_vehumet_radiance,
          cheibrodos_ashenzari_chains, serial_rivers,
          chequers_serial_rivers_room_a, chequers_serial_rivers_micro_c,
          chequers_serial_rivers_small_3, chequers_serial_rivers_micro_e
Temple:   oiseaux_autumnal_temple

Skill      XL: |  1  2  3  4  5  6  7 |
---------------+----------------------+-----
Short Blades   | 3 4 5 6 7 8 |  8.6
Dodging        | 3 4 6 |  6.8
Fighting       | |  2.1
Throwing       | |  2.0
Stealth        | |  4.3

Action                   |  1- 3 |  4- 6 |  7- 9 || total
-------------------------+-------+-------+-------++-------
Melee: Dagger            |   157 |   183 |    94 ||   434
Throw: Dart              |     4 |       |       ||     4
  Use: Scroll            |       |     4 |     2 ||     6
 Stab: Sleeping          |     5 |     7 |       ||    12
Armor: Robe              |     2 |       |       ||     2
       Leather armour    |     8 |       |       ||     8
       Ring mail         |    19 |    46 |    19 ||    84
Dodge: Dodged            |    66 |    53 |    40 ||   159

Table legend: (Time is in decaauts)
 A = Elapsed time spent in this place.
 B = Non-inter-level travel time spent in this place.
 C = Inter-level travel time spent in this place.
 D = Time resting spent in this place.
 E = Time spent auto-exploring this place.
 F = Levels seen in this place.
 G = Mean time per level.
                   A        B        C        D        E       F      G
               +--------+--------+--------+--------+--------+-----+--------+
         Total |   5264 |   5042 |    222 |    515 |   3496 |   6 |  877.3 |
       Dungeon |   4918 |   4760 |    158 |    515 |   3238 |   5 |  983.6 |
        Temple |    346 |    283 |     63 |      0 |    258 |   1 |  346.0 |
               +--------+--------+--------+--------+--------+-----+--------+

Top non-repeatable levels by time:
     D:1: 1419 daAuts
     D:4: 1141 daAuts
     D:2: 1113 daAuts
     D:3: 1110 daAuts
  Temple: 346 daAuts
     D:5: 134 daAuts
